 Dungeon Crawl Stone Soup version 0.19.4 (webtiles) character file.

11060 Jerry the Carver (level 11, 3/102 HPs)
             Began as a Minotaur Gladiator on Feb 3, 2017.
             Was an Initiate of Gozag.
             Quit the game on level 2 of the Abyss.
             The game lasted 00:30:52 (12753 turns).

Jerry the Carver (Minotaur Gladiator)              Turns: 12753, Time: 00:30:52

Health: 3/102      AC: 15    Str: 17    XL:     11   Next: 44%
Magic:  10/10      EV: 10    Int: 12    God:    Gozag
Gold:   1611       SH:  0    Dex: 13    Spells: 1 memorised, 9 levels left

rFire  . . .     SeeInvis .     p - +12 long sword "Vootoushrai" {holy, rN+ Str-4 Dex+3}
rCold  . . .     Gourm    .     t - +0 chain mail
rNeg   + . .     Faith    .     (no shield)
rPois  .         Spirit   .     I - +2 hat
rElec  .         Reflect  .     (no cloak)
rCorr  .         Harm     .     (no gloves)
MR     .....                    h - +0 pair of boots
Stlth  ..........               (no amulet)
                                (no ring)
                                H - +4 ring of intelligence

@: confused
A: retaliatory headbutt, horns 2
a: Potion Petition, Call Merchant, Bribe Branch, Renounce Religion


You were on level 2 of the Abyss.
You worshipped Gozag.
Gozag was most pleased with you.
You were not hungry.

You visited 2 branches of the dungeon, and saw 12 of its levels.
You visited the Abyss 1 time.

You collected 2390 gold pieces.
You spent 246 gold pieces at shops.
You paid 533 gold pieces to Gozag.

Inventory:

Hand Weapons
 p - the +12 long sword "Vootoushrai" (weapon) {holy, rN+ Str-4 Dex+3}
   (You bought it in a shop on level 6 of the Dungeon)

   It has been blessed by the Shining One to cause great damage to the undead
   and demons.
   It affects your strength (-4).
   It affects your dexterity (+3).
   It protects you from negative energy.
Missiles
 a - a throwing net (quivered)
Armour
 h - a +0 pair of boots (worn)
 t - a +0 chain mail (worn)
 I - a +2 hat (worn)
Jewellery
 H - a +4 ring of intelligence (left hand)
Wands
 u - a wand of flame (23/48)
 B - a wand of iceblast (10/15)
 D - a wand of flame (11/48)
 M - a wand of acid (7/15)
Scrolls
 b - 17 scrolls of identify {unknown}
 c - a scroll of enchant weapon {unknown}
 d - 4 scrolls of immolation {unknown}
 f - 2 scrolls of teleportation {unknown}
 k - 3 scrolls of recharging {unknown}
 l - 4 scrolls of remove curse {unknown}
 o - 3 scrolls of magic mapping {unknown}
 r - a scroll of random uselessness {unknown}
 y - a scroll of torment {unknown}
 F - a scroll of enchant armour {unknown}
 K - a scroll of fog {unknown}
 L - 2 scrolls of fear {unknown}
Potions
 e - 2 potions of mutation {unknown}
 g - a potion of might {unknown}
 i - 2 potions of flight {unknown}
 j - 2 potions of heal wounds
 m - 5 potions of haste {unknown}
 q - a potion of cure mutation {unknown}
 v - 3 potions of brilliance {unknown}
 w - 3 potions of degeneration {unknown}
 x - 3 potions of lignification {unknown}
 z - a potion of ambrosia {unknown}
 A - 3 potions of curing
 C - 2 potions of cancellation {unknown}
 E - a potion of berserk rage {unknown}
 J - a potion of magic {unknown}
Books
 G - a book of Party Tricks

   Spells                             Type                      Level
   a - Summon Butterflies             Summoning                    1
   b - Apportation                    Translocation                1
   c - Lesser Beckoning               Translocation                3
   d - Tukima's Dance                 Hexes                        3
   e - Alistair's Intoxication        Transmutation/Poison         5
   f - Invisibility                   Hexes                        6
Comestibles
 n - 5 meat rations
 s - 5 bread rations
 N - a slice of pizza


   Skills:
 + Level 11.1 Fighting
 + Level 14.5 Long Blades
 - Level 2.0 Throwing
 + Level 10.7 Armour
 + Level 5.0 Dodging


You had 9 spell levels left.
You knew the following spells:

 Your Spells              Type           Power        Failure   Level  Hunger
a - Beastly Appendage     Tmut           #.....       100%        1    ##.....


Dungeon Overview and Level Annotations

Branches:
Dungeon (11/15)            Temple (1/1) D:5             Orc (0/2) D:9
   Lair: D:8-11

Altars:
Ashenzari
Cheibriados
Dithmenos
Elyvilon
Fedhas
Gozag
Hepliaklqana
Makhleb
Nemelex Xobeh
Okawaru
Sif Muna
Trog
Uskayaw
Vehumet
Xom
Yredelemnul
Zin
The Shining One
Beogh

Shops:
D:6 (

Annotations:
D:11 Sonja


Innate Abilities, Weirdness & Mutations

You reflexively headbutt those who attack you in melee.
You have a pair of horns on your head.


Message History

The golden eye blinks at you.
You are more confused.
The starcursed mass shrieks in your mind.
* * * LOW HITPOINT WARNING * * *
The golden eye blinks!
The golden eye blinks at you.
You are more confused.
The golden eye turns its gaze towards you.
The golden eye blinks at you.
You are more confused.
You bump into the rock wall.
A chorus of shrieks assaults your mind.
* * * LOW HITPOINT WARNING * * *
The golden eye blinks at you.
You are more confused.
You bump into the stone wall.
A chorus of shrieks assaults your mind.
* * * LOW HITPOINT WARNING * * *
The golden eye turns its gaze towards you.
Are you sure you want to abandon this character and quit the game? (Confirm with "yes".)

## .. . ##
G.### .. ...
.#. ..# ...
#.###G###.#
....#...#..##@#
...#......#.##
... ##.XG## ###
#.##X#G## # #
###..#...# #.#
..XGX#######. .
. ... .#.
.#...## #....##
.... ...#.
#...!.#.#X.
..##... .#


You could see a starcursed mass, a glowing orange brain and a golden eye.

Vanquished Creatures
  Harold (D:9)
  A centaur warrior (D:9)
  Urug (D:10)
  Nergalle (D:10)
  A hill giant (D:10)
  The ghost of HangedMan the Thaumaturge, a novice HEWz of Sif Muna (D:8)
  Pikel (D:7)
  Psyche (D:8)
  Grinder (D:3)
  A spriggan (D:7)
  2 wyverns (D:8)
  Grum (D:8)
  Eustachio (D:6)
  5 yaks (D:10)
  Menkaure (D:4)
  2 black bears (D:8)
  13 orc warriors
  3 sky beasts
  An ice beast (D:10)
  2 necrophages
  4 ogres
  A centaur (D:8)
  3 wolves (D:8)
  A crocodile (D:7)
  2 big kobolds (D:8)
  7 bullfrogs
  2 scorpions
  2 electric eels (D:10)
  A howler monkey (D:10)
  3 bullfrog zombies
  5 crimson imps
  A quasit (D:5)
  A bullfrog skeleton (D:5)
  9 orc priests
  6 hounds
  3 jellies
  11 orc wizards
  An iguana (D:5)
  Ijyb (D:3)
  5 worker ants
  A hound zombie (D:8)
  3 hound skeletons
  A worker ant zombie (D:9)
  12 adders
  8 gnolls (D:6)
  A howler monkey skeleton (D:5)
  A shadow imp (D:11)
  2 adder skeletons
  4 worms
  6 leopard geckos
  35 orcs
  4 ball pythons
  5 giant cockroaches
  13 goblins
  6 hobgoblins
  9 jackals
  13 kobolds
  6 quokkas
  10 bats
  6 frilled lizards
  A leopard gecko skeleton (D:5)
  6 rats
263 creatures vanquished.

Vanquished Creatures (others)
  2 slaves (D:7)
  An orc priest (D:7)
  An orc wizard (D:7)
  2 orcs (D:7)
  A quokka zombie (D:7)
7 creatures vanquished.

Grand Total: 270 creatures vanquished

Notes
Turn   | Place    | Note
-------+----------+-------------------------------------------
     0 | D:1      | Jerry the Minotaur Gladiator began the quest for the Orb.
     0 | D:1      | Reached XP level 1. HP: 18/18 MP: 0/0
   228 | D:1      | Reached skill level 4 in Long Blades
   396 | D:1      | Reached XP level 2. HP: 25/25 MP: 1/1
   877 | D:2      | Found a glowing silver altar of Zin.
   878 | D:2      | Found an opulent altar of Gozag.
   893 | D:2      | Became a worshipper of Gozag Ym Sagoz the Greedy
  1239 | D:2      | Reached XP level 3. HP: 31/31 MP: 2/2
  1269 | D:2      | Reached skill level 1 in Armour
  1505 | D:2      | Reached skill level 5 in Long Blades
  1741 | D:2      | Reached XP level 4. HP: 30/38 MP: 3/3
  1887 | D:2      | Found a white marble altar of Elyvilon.
  2169 | D:3      | Found a deep blue altar of Sif Muna.
  2492 | D:3      | Noticed Ijyb
  2508 | D:3      | Killed Ijyb
  2775 | D:3      | Noticed Grinder
  2785 | D:3      | Paralysed by Grinder for 2 turns
  2791 | D:3      | Killed Grinder
  2791 | D:3      | Reached skill level 6 in Long Blades
  2791 | D:3      | Reached XP level 5. HP: 38/47 MP: 4/4
  2791 | D:3      | Reached XP level 6. HP: 43/53 MP: 5/5
  2929 | D:3      | Found a burning altar of Makhleb.
  3087 | D:4      | Noticed Menkaure
  3094 | D:4      | Killed Menkaure
  3094 | D:4      | Reached skill level 7 in Long Blades
  3101 | D:4      | Reached skill level 5 in Fighting
  3500 | D:4      | Reached XP level 7. HP: 59/61 MP: 6/6
  3596 | D:5      | Entered Level 5 of the Dungeon
  3805 | D:5      | Reached skill level 8 in Long Blades
  4051 | D:5      | Found a hazy altar of Hepliaklqana.
  4131 | D:5      | Found a bloodstained altar of Trog.
  4188 | D:5      | Found a staircase to the Ecumenical Temple.
  4356 | D:5      | Reached skill level 5 in Armour
  4381 | D:5      | Found a basalt altar of Yredelemnul.
  4428 | Temple   | Entered the Ecumenical Temple
  4436 | Temple   | HP: 2/62 [orc warrior/long sword (3)]
  4440 | Temple   | Reached XP level 8. HP: 3/70 MP: 7/7
  4786 | D:5      | Reached skill level 9 in Long Blades
  5270 | D:6      | Noticed Eustachio
  6081 | D:6      | Killed Eustachio
  6081 | D:6      | Reached skill level 10 in Long Blades
  6259 | D:6      | Found an iron altar of Okawaru.
  6717 | D:6      | Found a snail-covered altar of Cheibriados.
  6717 | D:6      | Found a shattered altar of Ashenzari.
  6718 | D:6      | Found a shimmering altar of Xom.
  6909 | D:6      | Reached XP level 9. HP: 75/79 MP: 8/8
  6936 | D:6      | Found a hazy altar of Hepliaklqana.
  7050 | D:6      | Found a faded altar of an unknown god.
  7050 | D:6      | Found a hide-covered altar of Uskayaw.
  7055 | D:6      | Found a faded altar of an unknown god.
  7057 | D:6      | Found a faded altar of an unknown god.
  7059 | D:6      | Found a faded altar of an unknown god.
  7122 | D:6      | Bought a bloodstained long sword for 246 gold pieces
  7123 | D:6      | Identified the +12 long sword "Vootoushrai" {holy, rN+ Str-4 Dex+3} (You bought it in a shop on level 6 of the Dungeon)
  7261 | D:7      | Reached skill level 11 in Long Blades
  7264 | D:7      | Noticed Pikel
  7277 | D:7      | Killed Pikel
  7525 | D:7      | Found a radiant altar of Vehumet.
  7917 | D:7      | Learned a level 1 spell: Beastly Appendage
  8068 | D:8      | Reached skill level 12 in Long Blades
  8286 | D:8      | Found a radiant altar of Vehumet.
  8335 | D:8      | Noticed HangedMan's ghost (novice HEWz)
  8346 | D:8      | Noticed Psyche
  8408 | D:8      | Killed HangedMan's ghost
  8561 | D:8      | Reached XP level 10. HP: 76/91 MP: 9/9
  8653 | D:8      | Noticed Grum
  8659 | D:8      | Killed Grum
  8714 | D:8      | Reached skill level 13 in Long Blades
  8747 | D:8      | Found a bloodstained altar of Trog.
  9203 | D:8      | Killed Psyche
  9358 | D:9      | Noticed a centaur warrior
  9369 | D:9      | Killed a centaur warrior
  9369 | D:9      | Reached skill level 10 in Fighting
  9532 | D:9      | Found a sparkling altar of Nemelex Xobeh.
  9614 | D:9      | Found a staircase to the Orcish Mines.
  9615 | D:9      | Found a roughly hewn altar of Beogh.
  9640 | D:9      | Reached skill level 14 in Long Blades
 10655 | D:10     | Entered Level 10 of the Dungeon
 10817 | D:10     | Noticed a cyclops
 10824 | D:10     | Found a shattered altar of Ashenzari.
 10832 | D:10     | Reached skill level 10 in Armour
 11070 | D:10     | Noticed Harold
 11077 | D:10     | Noticed Nergalle
 11095 | D:9      | Killed Harold
 11095 | D:9      | Reached XP level 11. HP: 35/101 MP: 10/10
 11366 | D:10     | Killed Nergalle
 11511 | D:10     | Noticed a hill giant
 11524 | D:10     | Killed a hill giant
 11974 | D:10     | Noticed Urug
 11984 | D:10     | Killed Urug
 12622 | D:11     | Reached skill level 5 in Dodging
 12644 | D:11     | Noticed Sonja
 12655 | D:11     | Cast into level 2 of the Abyss (Sonja)
 12674 | Abyss:2  | Noticed a starcursed mass
 12717 | Abyss:2  | Noticed a glowing orange brain
 12751 | Abyss:2  | HP: 3/102 [starcursed mass/accursed screaming (8)]
 12753 | Abyss:2  | Quit the game

Skill      XL: |  1  2  3  4  5  6  7  8  9 10 11 |
---------------+----------------------------------+-----
Long Blades    | 4 5 6 7 8 10 12 14 | 14.5
Fighting       | 3 4 5 6 7 9 10 11 | 11.1
Armour         | 1 3 5 6 8 10 | 10.7
Dodging        | 5 |  5.0
Throwing       | |  2.0

Action                   |  1- 3 |  4- 6 |  7- 9 | 10-12 || total
-------------------------+-------+-------+-------+-------++-------
Melee: Long sword        |    78 |   115 |   297 |   250 ||   740
       Headbutt          |    11 |    20 |    54 |    38 ||   123
Throw: Throwing net      |       |     3 |     1 |       ||     4
Invok: Call Merchant     |       |       |     1 |       ||     1
  Use: Potion            |       |       |       |     1 ||     1
 Stab: Held in net/web   |       |     3 |       |       ||     3
       Distracted        |       |       |       |     1 ||     1
  Eat: Royal jelly       |     1 |       |       |       ||     1
       Bread ration      |       |     1 |     2 |     3 ||     6
       Pizza             |       |     1 |     1 |     1 ||     3
       Beef jerky        |       |       |     2 |       ||     2
       Fruit             |       |       |     4 |       ||     4
Armor: Leather armour    |    19 |       |       |       ||    19
       Scale mail        |     1 |    47 |    77 |       ||   125
       Chain mail        |       |       |    37 |    86 ||   123
Dodge: Dodged            |    55 |    62 |   111 |    65 ||   293
       Rpst.: Long sword |    15 |    18 |    32 |    22 ||    87
